 Dungeon Sprint DCSS version 0.02-122-g12e50fee3c (webtiles) character file.

Game seed: 6490042062058328071, levelgen mode: deterministic

134 lorenzova the Thaumaturge (level 4, 0/24 HPs) Deep Elf Fire Elementalist. Began on Oct 6, 2020. Killed from afar by a wizard (21 damage) ... with a crystal spear ... in the Dungeon (Sprint III: "The Ten Rune Challenge"). The game lasted 00:02:41 (413 turns).

lorenzova the Thaumaturge (DEFE)                     Turns: 413, Time: 00:02:41

Health: 0/24       AC:  3    Str:  5    XL:     4 ^: 4
Magic:  17/17      EV: 13    Int: 21    God:
Gold:   35         SH:  0    Dex: 15    Spells: 12/22 levels left

rFire    + . .     Vision   .   j - +3 quarterstaff (chaos)
rCold    . . .     Gourm    .   (also wielding the above weapon)
rNeg     . . .     Faith    .   a - +0 robe
rPois    .         Spirit   .   (no helmet)
rElec    .         Reflect  .   (no cloak)
rCorr    .         Harm     .   (no gloves)
MR       +....     NoTele   +   (no boots)
Stlth    ++........             (no amulet)
HPRegen  0.00/turn              (no ring)
MPRegen  0.27/turn              (no ring)

@: very slightly contaminated
A: rugged brown scales 1, fire resistance 1, magic resistance 1, inhibited
regeneration
a: no special abilities


You were in the Dungeon.
You were not hungry.

You visited 1 branch You collected 35 gold pieces.

Inventory:

Weapons
 j - a +3 quarterstaff of chaos (weapon)
Armour
 a - a +0 robe (worn)
 k - a +0 cloak
Wands
 b - a wand of random effects (2)
Scrolls
 i - a scroll of blinking
 m - a scroll of enchantment
 n - a scroll of bless item
Potions
 d - a potion of curing
 e - a potion of heal wounds
 f - a potion of haste
 g - 3 potions of magic
 h - a potion of berserk rage
 o - 2 potions of ambrosia
Comestibles
 c - 3 rations


   Skills:
 - Level 2.4 Dodging
 - Level 2.4 Stealth
 + Level 9.6 Spellcasting
 + Level 8.3 Fire Magic


You had 12 spell levels left.
You knew the following spells:

 Your Spells              Type           Power        Failure   Level  Hunger
a - Foxfire               Fire           25 (25)      1%          1    None
b - Searing Ray           Fire           45 (50)      1%          2    None
c - Conjure Flame         Fire           45 (100)     1%          3    None
d - Sticky Flame          Fire/Pois      27 (100)     12%         4    ##.....

Your spell library contained the following spells:

 Spells                   Type           Power        Failure   Level  Hunger
 Inner Flame              Hex/Fire       27 (100)     3%          3    None
 Fireball                 Fire           45 (200)     6%          5    ####...


Dungeon Overview and Level Annotations

Branches:
Dungeon (1/1)

Altars:
Kikubaaqudgha
Sif Muna
Vehumet


Innate Abilities, Weirdness & Mutations

You are partially covered in rugged brown scales. (AC +1, +3% HP)
You are heat resistant. (rF+)
You are resistant to hostile enchantments. (MR+)
You do not regenerate when monsters are visible.


Message History

Press: ? - help, Shift-Dir - straight line, f/p - wizard
Aim: a wizard, wielding a +0 dagger and wearing a +0 robe (healthy (12/12))
Okay, then.
The kobold demonologist shouts!
The kobold demonologist gestures wildly while chanting.
The kobold demonologist begins to cast a cantrip, but forgets the words!
There is an open door to the Ecumenical Temple here.
Casting: Searing Ray (safe; 1% risk of failure)
Confirm with . or Enter, or press ? or * to list all spells.
You don't know that spell.
The wizard casts a spell.
The wizard seems to speed up.
The wizard points at you and mumbles some strange words.
The bolt of cold misses you.
You see here a human skeleton.
There is an open door here.
The wizard casts a spell at you. The crystal spear hits you (21)!!
Ouch! That really hurt!
You die...

▓<.#?.'...♣.♣♣♣♣♣.#
▓..#?.#......♣♣♣♣.#
▓#'####......♣♣♣♣.#
▓..÷..#....≈♣♣♣♣♣.##
▓.....#...≈≈♣♣..♣.#.
▓....!#..≈≈≈≈.....'.
▓####)#..≈≈b÷≈≈♣♣.#.
▓....÷#.≈≈≈≈≈≈....#.
▓..@..#.≈≈≈≈≈..4..#p
▓.....#.≈≈≈.......#'
▓p#####...........#.
▓...p....÷........#_
▓▓▓▓▓▓▓▓▓▓▓▓▓▓▓▓▓▓▓▓


You could see a wizard.

Vanquished Creatures
  A water elemental (D)
  Crazy Yiuf (D)
  Jessica (D)
  A human (D)
  An ooze (D)
  2 rats (D)
7 creatures vanquished.

Vanquished Creatures (others)
  2 draconian scorchers (D)
  6 hellions (D)
  2 yaktaurs (D)
  26 foxfires (D)
  6 plants (D)
42 creatures vanquished.

Grand Total: 49 creatures vanquished

Notes
Turn   | Place    | Note
-------+----------+-------------------------------------------
     0 | D        | lorenzova the Deep Elf Fire Elementalist began the quest
                  | for the Orb.
     0 | D        | Reached XP level 1. HP: 10/10 MP: 6/6
     6 | D        | Reached skill level 4 in Spellcasting
    34 | D        | Noticed Jessica
    50 | D        | Killed Jessica
    50 | D        | Reached skill level 6 in Spellcasting
    50 | D        | Reached skill level 5 in Fire Magic
    50 | D        | Reached XP level 2. HP: 15/15 MP: 7/11
    50 | D        | Reached XP level 3. HP: 19/19 MP: 7/12
    76 | D        | Learned a level 2 spell: Searing Ray
    80 | D        | Learned a level 3 spell: Conjure Flame
    95 | D        | Killed a hellion
    95 | D        | Killed a hellion
    95 | D        | Killed a hellion
   108 | D        | Killed a hellion
   108 | D        | Killed a yaktaur
   109 | D        | Reached skill level 7 in Spellcasting
   138 | D        | Killed a white draconian scorcher
   141 | D        | Killed a hellion
   142 | D        | Killed a hellion
   177 | D        | Noticed Crazy Yiuf
   188 | D        | Killed Crazy Yiuf
   188 | D        | Reached skill level 8 in Spellcasting
   188 | D        | Reached XP level 4. HP: 24/24 MP: 12/16
   208 | D        | Learned a level 4 spell: Sticky Flame
   218 | D        | Killed a white draconian scorcher
   237 | D        | Gained mutation: You are strong. (Str +2) [potion of
                  | mutation]
   237 | D        | Gained mutation: Your skin changes colour to match your
                  | surroundings (Stealth+). [potion of mutation]
   238 | D        | Lost mutation: You are strong. (Str +2) [potion of
                  | mutation]
   238 | D        | Gained mutation: You have a beak for a mouth. [potion of
                  | mutation]
   238 | D        | Gained mutation: Your body sometimes deteriorates upon
                  | taking damage. [potion of mutation]
   238 | D        | Gained mutation: You are partially covered in molten
                  | scales. (AC +2) [potion of mutation]
   238 | D        | Gained mutation: You are partially covered in yellow
                  | scales. (AC +2) [potion of mutation]
   239 | D        | Lost mutation: Your body sometimes deteriorates upon taking
                  | damage. [potion of mutation]
   239 | D        | Lost mutation: You are partially covered in yellow scales.
                  | (AC +2) [potion of mutation]
   239 | D        | Gained mutation: You possess an exceptional clarity of
                  | mind. [potion of mutation]
   239 | D        | Gained mutation: You do not regenerate when monsters are
                  | visible. [potion of mutation]
   239 | D        | Gained mutation: You are strong. (Str +2) [potion of
                  | mutation]
   240 | D        | Lost mutation: You possess an exceptional clarity of mind.
                  | [potion of mutation]
   240 | D        | Lost mutation: You have a beak for a mouth. [potion of
                  | mutation]
   240 | D        | Gained mutation: You are heat resistant. (rF+) [potion of
                  | mutation]
   240 | D        | Gained mutation: Your mind is acute. (Int +2) [potion of
                  | mutation]
   240 | D        | Gained mutation: You are partially covered in rugged brown
                  | scales. (AC +1, +3% HP) [potion of mutation]
   241 | D        | Lost mutation: You are strong. (Str +2) [potion of
                  | mutation]
   241 | D        | Lost mutation: Your mind is acute. (Int +2) [potion of
                  | mutation]
   241 | D        | Lost mutation: Your skin changes colour to match your
                  | surroundings (Stealth+). [potion of mutation]
   241 | D        | Gained mutation: Your mind is acute. (Int +2) [potion of
                  | mutation]
   241 | D        | Lost mutation: Your mind is acute. (Int +2) [potion of
                  | mutation]
   241 | D        | Gained mutation: You are frail. (-10% HP) [potion of
                  | mutation]
   241 | D        | Gained mutation: You are agile. (Dex +2) [potion of
                  | mutation]
   242 | D        | Lost mutation: You are frail. (-10% HP) [potion of
                  | mutation]
   242 | D        | Lost mutation: You are agile. (Dex +2) [potion of mutation]
   242 | D        | Lost mutation: You are partially covered in molten scales.
                  | (AC +2) [potion of mutation]
   242 | D        | Gained mutation: You are resistant to hostile enchantments.
                  | (MR+) [potion of mutation]
   295 | D        | Reached skill level 9 in Spellcasting
   338 | D        | Killed a yaktaur
   390 | D        | Found a radiant altar of Vehumet.
   390 | D        | Found a shimmering blue altar of Sif Muna.
   390 | D        | Found an ancient bone altar of Kikubaaqudgha.
   394 | D        | Noticed an orange demon
   413 | D        | Killed from afar by a wizard

Levels and vault maps discovered:
D:        dungeon_sprint_mu [sprint_mu_entry_forest, sprint_mu_temple_rooms,
          sprint_mu_d1_spiders, sprint_mu_d2_genie, sprint_mu_d3_branching,
          sprint_mu_orc_legion, sprint_mu_elf_gauntlet, sprint_mu_hive_nellie,
          sprint_mu_lair_fedhas, sprint_mu_vaults_butterflies,
          sprint_mu_slime_circle, sprint_mu_swamp_cave, sprint_mu_shoals_kraken,
          sprint_mu_blade_basic, sprint_mu_crypt_chambers,
          sprint_mu_tomb_spiral, sprint_mu_vestibule_basic,
          sprint_mu_gehenna_hellfire, sprint_mu_dis_giant,
          sprint_mu_tartarus_statrot, sprint_mu_cocytus_islands, sprint_mu_zot1]

Skill      XL: |  1  2  3  4 |
---------------+-------------+-----
Spellcasting   | 6 8 9 |  9.6
Fire Magic     | 5 7 8 |  8.3
Dodging        | |  2.4
Stealth        | |  2.4

Action                   |  1- 3 |  4- 6 || total
-------------------------+-------+-------++-------
 Cast: Foxfire           |    15 |       ||    15
       Searing Ray       |     1 |     1 ||     2
       Sticky Flame      |       |     1 ||     1
  Use: Potion            |       |     6 ||     6
Dodge: Dodged            |     2 |     3 ||     5
